← All builds
Geo / Armada / Economy first / OBSERVED BUILD

Stormbringer bombers

Armada Geo build order · Supreme Isthmus

Geo pivots to T1 air bombers from around 7:10, well before the role norm, pushing Stormbringers forward with fighters and scouts to fight in the enemy base and middle before transitioning back to the usual T2 economy.

Usually blows up the commander for T2 (69%)

#air #push · 158 distinct matches · 44 players · 6% of Armada Geo games · team won 70% of 163 · Recently observed

THE CATCH, AND WHAT COMES WITH IT
  • StormbringerT1 air bombers from 7:25 · 10% of role by thenFrom the Aircraft Plant. Only 10% of Geo games have it by then; others who build it get it around 7:42
  • Aircraft PlantAircraft Plant in 99%17% of all Geo games by then
  • FalconFighter in 80%11% of all Geo games by then
  • FalconFighter in 45%7% of all Geo games by then

Started with Stormbringer (98%), Whirlwind (2%).

Where those units first fight, in 157 games with kill data: in the enemy base 54%, in the middle 44%.

Those units destroy a typical 2,490 metal of enemy units by 15:00.

Then transitions into Starlight (21% of army), Jaguar (10% of army), fighter (9% of army).

HOW TO PLAY IT

Key timing: Stormbringer bombers by 7:15

  1. Open Bot Lab and geo as usual, then add an Aircraft Plant very early.
  2. Get the Geothermal Powerplant up on the normal fast schedule.
  3. Finish the Aircraft Plant well ahead of the role's usual pace.
  4. Push T1 bombers led by Stormbringer straight into the enemy base.
  5. Switch into the usual T2 constructor and Starlight work for the team.

Phase by phase

TYPICAL OF ITS 158 GAMES · AGAINST STANDARD GEO
  1. 1
  2. 2
  3. 3
  4. 4
  5. 5
  6. 6
PLAY THE OPENING

Follow the example game's first 8:26 step by step: what to build now, what comes next, and where it goes. At 1× it keeps pace with your own game.

  1. 1

    Up to the Bot Lab

    Economy
    • Metal Extractor3Mex
    • Wind Turbine4Wind
    Order
    1. Bot LabBot Lab after 3 mex, 4 winddone ~1:15, middle half 0:55–1:23

    By 0:59 in all: 3 mex · 4 wind

    The example game in this phase · 3 steps
    1. Mex ×2
    2. Wind ×4
    3. Bot LabBot Labdone 1:01 · typical 1:15
  2. 2

    Bot Lab to 5:00

    Economy
    • Metal Extractor1Mex
    • Wind Turbine2Wind
    • Energy Converter7Converter
    • Energy Storage1Energy storage
    Order
    1. Geothermal PowerplantGeo after 4 mex, 4 wind, 1 energy storage
    2. Bot LabEat Bot Lab
    Builders
    • Construction Turret5 Con turret
    • Lazarus5 Lazarus
    • Construction Bot2 Con bot
    • Lazarus1 Lazarus for allies
    • Construction Bot1 Con bot for allies

    By 5:00 in all: 4 mex · 6 wind · 1 geo · 7 converter · 1 energy storage · 5 con turret

    The example game in this phase · 24 steps
    1. LazarusLazarus
    2. Wind
    3. Construction BotCon botfor Beach sea
    4. Wind ×2
    5. LazarusLazarusfor Beach sea
    6. Mex
    7. LazarusLazarus
    8. Mex
    9. Energy storage
    10. Wind
    11. Construction BotCon bot
    12. Wind
    13. Geothermal PowerplantGeodone 3:07 · typical 3:24
    14. CrossbowCrossbow
    15. Wind
    16. Con turret ×2
    17. Bot LabEat Bot Labreclaimed for its metal
    18. Con turret
    19. Bot LabBot Labdone 3:55
    20. Converter ×4
    21. Bot LabEat Bot Labreclaimed for its metal
    22. Con turret
    23. Converter ×2
    24. Radar TowerRadar Tower
  3. 3

    5:00 to T1 air bombers

    Economy
    • Wind Turbine2Wind+2 vs standard
    • Energy Converter2Converter
    Order
    1. Advanced Geothermal PowerplantAdvanced Geothermal Powerplant after 8 wind, 10 converter, 7 con turret
    2. Aircraft PlantAircraft Plant after 10 wind, 11 converter, 7 con turret
    3. StormbringerT1 air bombers after 9 wind, 12 converter, 8 con turret
    Builders
    • Construction Turret2 Con turret

    By 7:25 in all: 4 mex · 9 wind · 1 geo · 1 Advanced Geothermal Powerplant · 12 converter · 1 energy storage

    The example game in this phase · 6 steps
    1. Advanced Metal ExtractorT2 mex ×4done 5:20 · typical 5:33
    2. Advanced Geothermal PowerplantAdvanced Geothermal Powerplantdone 6:52 · typical 7:13
    3. Con turret
    4. Aircraft PlantAircraft Plantdone 7:02 · typical 7:17
    5. Con turret
    6. StormbringerBomberdone 7:10
  4. 4

    T1 air bombers to Vehicle Plant

    Order
    1. Vehicle PlantVehicle Plant after 13 wind, 12 converter, 8 con turretdone ~8:46, middle half 7:56–9:26
    Army
    • Stormbringer14 Bomber +14 vs standard

    Some games also: fighter (45%) · con turret (40%) · wind (35%) · converter (34%)

    By 8:37 in all: 4 mex · 14 wind · 1 geo · 1 Advanced Geothermal Powerplant · 13 converter · 1 energy storage

    The example game in this phase · 12 steps
    1. StormbringerBomber ×19
    2. Converter
    3. BlinkScout plane ×2
    4. Converter
    5. FalconFighter ×2
    6. Converter
    7. FalconFighter ×2
    8. Converter
    9. FalconFighter ×2
    10. Converter
    11. FalconFighter ×3
    12. Vehicle PlantVehicle Plantdone 8:58 · typical 8:46
  5. 5

    Vehicle Plant to Advanced Vehicle Plant

    Order
    1. Advanced Vehicle PlantAdvanced Vehicle Plant after 16 wind, 15 converter, 9 con turretdone ~9:57, middle half 9:27–10:45
    Builders
    • Construction Vehicle1 Con vehicle

    Some games also: fighter (44%) · bomber (36%) · wind (31%)

    By 9:34 in all: 4 mex · 17 wind · 1 geo · 1 Advanced Geothermal Powerplant · 15 converter · 1 energy storage

    The example game in this phase · 18 steps
    1. Converter
    2. FalconFighter
    3. Construction VehicleCon vehicle
    4. FalconFighter ×2
    5. Converter
    6. FalconFighter
    7. Converter
    8. FalconFighter
    9. Converter
    10. FalconFighter
    11. Converter
    12. FalconFighter
    13. Converter
    14. FalconFighter
    15. Converter
    16. FalconFighter
    17. Construction VehicleCon vehicle
    18. Advanced Vehicle PlantAdvanced Vehicle Plantdone 9:56 · typical 9:57
  6. 6

    Advanced Vehicle Plant to 15:00

    Economy
    • Wind Turbine8Wind−8 vs standard
    • Energy Converter2Converter+2 vs standard
    Order
    1. Aircraft PlantEat Aircraft Plant
    2. Vehicle PlantEat Vehicle Plant in 74% of games
    Army
    • Starlight2 Starlight
    • Umbra1 Jammer
    • Prophet1 Radar vehicle

    Some games also: con turret (49%) · Jaguar (48%) · T2 con vehicle for allies (37%) · T2 con vehicle (34%)

    The standard build makes here, this one skips: 5 Jaguar

    By 15:00 in all: 4 mex · 30 wind · 1 geo · 1 Advanced Geothermal Powerplant · 20 converter · 1 energy storage

    The example game in this phase · 75 steps
    1. FalconFighter
    2. Converter
    3. ShredderShredderdone 10:05
    4. Converter
    5. ShredderShredder ×2
    6. Converter
    7. Vehicle PlantEat Vehicle Plantreclaimed for its metal
    8. ShredderShredder
    9. Con turret
    10. Converter
    11. UmbraJammer
    12. Wind
    13. ProphetRadar vehicle
    14. Wind
    15. MauserMauser
    16. Wind
    17. MauserMauser
    18. Wind
    19. MauserMauser
    20. Wind
    21. MauserMauser
    22. Wind
    23. MauserMauser
    24. Wind
    25. MauserMauser
    26. Wind
    27. Advanced Construction VehicleT2 con vehiclefor Suicide front
    28. BeholderBeholder
    29. MauserMauser
    30. Wind
    31. Con turret
    32. MauserMauser
    33. Con turret
    34. BeholderBeholder
    35. MauserMauser
    36. Wind
    37. MauserMauser
    38. Wind
    39. MauserMauser
    40. BeholderBeholder
    41. MauserMauser
    42. Wind ×2
    43. MauserMauser
    44. Wind
    45. MauserMauser
    46. Wind
    47. MauserMauser
    48. Wind
    49. MauserMauser
    50. Wind
    51. MauserMauser ×3
    52. Wind
    53. StarlightStarlightnot finished by 15:00 · typical 10:49
    54. Wind
    55. JaguarJaguar
    56. Wind ×2
    57. JaguarJaguar
    58. Wind ×2
    59. StarlightStarlight
    60. Aircraft PlantEat Aircraft Plantreclaimed for its metal
    61. Wind
    62. StarlightStarlight
    63. Wind ×4
    64. StarlightStarlight
    65. Wind ×2
    66. JunoJuno
    67. Wind ×2
    68. StarlightStarlight
    69. Wind ×4
    70. BeamerBeamer
    71. JaguarJaguar
    72. Wind
    73. BeamerBeamer
    74. JaguarJaguar
    75. Wind

Counts are medians over the build's games: half of them build more, half fewer. The example game is DukeofStars's (55 OS, 25/09/2026); pick another.

Team trades

IN AT LEAST 30% OF ITS GAMES

You hand over

  • Lazarus1 Lazarus to Beach seafirst at 2:23 · in 77% of games
  • Construction Bot1 Con bot to Beach seafirst at 2:31 · in 90% of games
  • Advanced Construction Vehicle1 T2 con vehicle to Front or Suicide frontfirst at 10:42 · in 37% of games

You get

  • Hercules1 Light transport from Airfirst at 4:22 · in 50% of games
  • Advanced Construction Bot1 T2 con bot from Techfirst at 4:50 · in 98% of games
  • Valiant11 Valiant from Airfirst at 8:47 · in 50% of games

How it plays out

Typical game of this build against the role’s standard build, running totals by minute

  • This build
  • Standard geo

Metal produced

020k40k
0:005:0010:0015:00

metal

Enemy metal destroyed

05k10k15k
0:005:0010:0015:00

metal

Own metal lost

02k4k6k
0:005:0010:0015:00

metal

163 games.

Show as table
ByMetal produced: This buildMetal produced: Standard geoEnemy metal destroyed: This buildEnemy metal destroyed: Standard geoOwn metal lost: This buildOwn metal lost: Standard geo
1:003423330000
2:008638550000
3:00151115270000
4:00270526720000
5:00372936950000
6:00574556430000
7:00816080250000
8:0010979113430000
9:0013871144060436384
10:00170001728017954801324200
11:001984420125351017452826520
12:0023137230014391361433851608
13:0025860257395644582637352980
14:0028777285897375822246704440
15:00312563136088411017257135610
WHAT THE NUMBERS SAY

Won far more often than the standard build and destroyed much more enemy metal by 10:00 despite heavier own losses.

  • + Destroyed 2819 enemy metal by 10:00 vs 534 standard.
  • + Won more often than the standard build (69% vs 54%).
  • − Own losses jump to 1857 by 10:00 vs just 260 standard.
  • − Metal production and 15:00 enemy metal destroyed both slightly trail standard.
THE EXAMPLE YOU ARE READING

DukeofStars

54.6 OS · 25/09/2026

Open source match ↗

17 received units · includes a constructor
1352 metal received · 63882 energy received

Allied construction assistance is unknown. Timings are observations, not a promise of solo reproducibility.

Typical milestones

Bot Lab1:15Middle 50%: 0:55–1:23 · n=163
Geothermal Powerplant3:24Middle 50%: 3:10–3:38 · n=163
Advanced Metal Extractor5:33Middle 50%: 5:18–6:00 · n=161
Advanced Geothermal Powerplant7:13Middle 50%: 6:51–7:33 · n=145
Aircraft Plant7:17Middle 50%: 6:52–7:37 · n=161
Vehicle Plant8:46Middle 50%: 7:56–9:26 · n=140
Advanced Vehicle Plant9:57Middle 50%: 9:27–10:45 · n=121
Starlight10:49Middle 50%: 10:05–11:44 · n=91

Played most by

PongoPygmaeus24games of this buildNutzz20games of this buildViltrum17games of this buildzeus_on_god13games of this buildIMBALANCED10games of this build
Stormbringer bombers · Armada Geo build order · BAR Build Atlas